 Seeded DCSS version 0.30-a0-930-gb9d0489357 (webtiles) character file.

Game seed: 3125986916090331667 (custom seed)

3 Parcival the Trooper (level 1, 5/18 HPs)
             Began as a Human Fighter on Mar 23, 2023.
             Quit the game on level 1 of the Dungeon.
             The game lasted 00:01:02 (52 turns).

Parcival the Trooper (Human Fighter)                  Turns: 52, Time: 00:01:03

Health: 5/18       AC:  6    Str: 16    XL:     1   Next: 55%
Magic:  1/1        EV:  8    Int:  8    God:
Gold:   0          SH:  4    Dex: 12    Spells: 0/0 levels left

rFire   . . .      SeeInvis .    a - +0 trident
rCold   . . .      Faith    .    c - +0 buckler
rNeg    . . .      Spirit   .    b - +0 scale mail
rPois   .          Reflect  .    (no helmet)
rElec   .          Rampage  .    (no cloak)
rCorr   .                        (no gloves)
Will    .....                    (no boots) Stlth
                                 (no amulet)
HPRegen 0.23/turn                (no ring)
MPRegen 0.07/turn                (no ring)

@: no status effects
A: no striking features
a: no special abilities


You were on level 1 of the Dungeon.
You visited 1 branch of the dungeon, and saw 1 of its levels.

Inventory:

Hand Weapons
 a - a +0 trident (weapon)
 e - the +9 staff of Olgreb {rPois∞}
   (You acquired it on level 1 of the Dungeon)

   It enhances your poison magic.
   It grants immunity to poison.
   It can be activated via the 'a'bility menu to radiate toxic energy, with
   effectiveness depending on Evocations skill.
Armour
 b - a +0 scale mail (worn)
 c - a +0 buckler (worn)
Potions
 d - a potion of might


   Skills:
 + Level 3.1 Fighting
 + Level 2.0 Polearms
 + Level 3.0 Armour
 + Level 3.0 Shields


You couldn't memorise any spells.
You didn't know any spells.
Your spell library was empty.

Dungeon Overview and Level Annotations

Branches:
Dungeon (1/15)

Altars:


Message History

You puncture the goblin!
You kill the goblin!
The goblin barely misses you. The goblin hits you with a +0 dagger.
* * * LOW HITPOINT WARNING * * *
The goblin completely misses you.
You see here a +0 club.
You closely miss the goblin. The goblin hits you with a +0 dagger.
* * * LOW HITPOINT WARNING * * *
You hit the goblin but do no damage. The goblin barely misses you.
You closely miss the goblin. You block the goblin's attack.
You closely miss the goblin. The goblin hits you with a +0 dagger.
* * * LOW HITPOINT WARNING * * *
The goblin hits you but does no damage.
You hit the goblin.
You kill the goblin!
You hit the endoplasm but do no damage.
The endoplasm hits you but does no damage.
You hit the endoplasm.
The endoplasm is moderately wounded.
You block the endoplasm's attack.
You hit the endoplasm.
The endoplasm is heavily wounded.
The endoplasm completely misses you.
You hit the endoplasm.
The endoplasm is severely wounded.
The endoplasm hits you but does no damage. x2
You hit the endoplasm.
You kill the endoplasm!
e - a scroll of acquirement
Things that are here:
a +0 dagger; a goblin corpse
Things that are here:
a +0 dagger; a goblin corpse Something appears at your feet!
Things that are here:
the +9 staff of Olgreb {rPois∞}; a +0 dagger; a goblin corpse
e - the +9 staff of Olgreb {rPois∞} Sorry, you're not good enough to have a special ability.
Your library has no spells.
Are you sure you want to abandon this character and quit the game? (Confirm with "yes".)

# #.#.###### .#~
#.......)# #.#~
###.####)####..+.
#.........#~
#..@....#.#~
.###....#....##
........>.....#
..###.#.........
#.......####
#......## ####.###
#######..#######..
.................


There were no monsters in sight!

Vanquished Creatures
  An endoplasm (D:1)
  2 goblins (D:1)
3 creatures vanquished.

Notes
Turn   | Place    | Note
-------+----------+-------------------------------------------
     0 | D:1      | Parcival the Human Fighter began the quest for the Orb.
     0 | D:1      | Reached XP level 1. HP: 18/18 MP: 1/1
    24 | D:1      | Identified a scroll of acquirement
    46 | D:1      | Acquired the +9 staff of Olgreb {rPois∞}
    46 | D:1      | Found the +9 staff of Olgreb {rPois∞}
    52 | D:1      | Quit the game

Illustrated notes

Levels and vault maps discovered:
D:1:      amcnicky_arrival_single_pillar, layout_loops_cross,
          hangedman_glass_garden

Action                     || total
---------------------------++-------
  Melee: Trident           ||    18
    Use: Scroll            ||     1
 Armour: Scale mail        ||    16
  Dodge: Dodged            ||    10
  Block: Buckler           ||     3

Table legend: (Time is in decaauts)
 A = Elapsed time spent in this place.
 B = Non-inter-level travel time spent in this place.
 C = Inter-level travel time spent in this place.
 D = Time resting spent in this place.
 E = Time spent auto-exploring this place.
 F = Levels seen in this place.
 G = Mean time per level.
                   A        B        C        D        E       F      G
               +--------+--------+--------+--------+--------+-----+--------+
         Total |     56 |     56 |      0 |      0 |      6 |   1 |   56.0 |
       Dungeon |     56 |     56 |      0 |      0 |      6 |   1 |   56.0 |
               +--------+--------+--------+--------+--------+-----+--------+

Top non-repeatable levels by time:
     D:1: 56 daAuts
